 Dungeon Crawl Stone Soup version 0.32-a0-616-g9348d4545b (webtiles) character file.

Game seed: 4422677537684366851

4575 jasper the Martial Artist (level 10, -1/115 HPs)
             Began as a Demonspawn Shapeshifter on Mar 5, 2024.
             Was a Priest of Beogh.
             Slain by Marbaugh the orc apostle
             ... wielding the +8 great sword "Addeh" {spect, rElec rPois Will++ Dex-3}
              (21 damage)
             ... on level 9 of the Dungeon.
             The game lasted 00:14:46 (8880 turns).

jasper the Martial Artist (Demonspawn Shapeshifter) Turns: 8880, Time: 00:14:46

Health: -1/115     AC: 29    Str: 14    XL:     10   Next: 18%
Magic:  13/13      EV:  2    Int: 11    God:    Beogh [***...]
Gold:   435        SH:  0    Dex: 19    Spells: 9/9 levels left

rFire   . .          .
                       - Unarmed
rCold   . . .        (no shield)
rNeg    . . .        t - melded +2 ring mail {rC+}
rPois   +            A - melded +1 hat
rElec   .            q - melded +1 cloak
rCorr   .            (gloves currently unavailable)
SInv    .            (boots currently unavailable)
Will    .....        (no amulet)
Stlth   +++          z - +4 ring of protection
HPRegen 0.39/turn    (no ring)
MPRegen 0.13/turn

%: no passive effects
@: mighty, tree-form, invisible
A: stationary, stasis, torment immunity, boosted hp, (horns 2), thin skeletal
structure 1, demonic guardian 1, foul stench 1
a: Renounce Religion, Smiting


You were on level 9 of the Dungeon.
You worshipped Beogh.
Beogh was most pleased with you.
You were a tree.
You visited 1 branch of the dungeon, and saw 9 of its levels.

You collected 435 gold pieces.

Inventory:

Hand Weapons
 k - a +3 short sword of speed
 o - the +7 hammer of Teoliasy {flame, rElec rCorr Int-5}
   (You found it on level 2 of the Dungeon)

   Int-5:     It affects your intelligence (-5).
   rElec:     It insulates you from electricity.
   rCorr:     It protects you from acid and corrosion.
Missiles
 f - 52 stones (quivered)
 w - 3 poisoned darts
 C - 2 javelins
 G - 3 silver javelins
Armour
 a - a +0 animal skin
 h - the +3 robe of Fuottem {rF+}
   (You found it on level 4 of the Dungeon)

   rF+:       It protects you from fire.
 i - a +0 scale mail
 q - a +1 cloak (melded)
 r - a +0 helmet
 t - a +2 ring mail of cold resistance (melded)
 A - a +1 hat (melded)
Jewellery
 z - a +4 ring of protection (left branch)
Talismans
 c - a beast talisman
 d - a flux talisman (active)
Wands
 p - a wand of flame (32)
Scrolls
 g - 6 scrolls of teleportation
 l - 3 scrolls of vulnerability
 y - 4 scrolls of revelation
 B - 5 scrolls of immolation
Potions
 b - 4 potions of lignification
 e - a potion of ambrosia
 j - 2 potions of invisibility
 m - a potion of magic
 n - a potion of haste {unknown}
 s - 2 potions of brilliance
 u - 2 potions of might
 x - a potion of attraction {unknown}
 D - 2 potions of enlightenment {unknown}
 E - a potion of degeneration {unknown}
 F - a potion of cancellation {unknown}
 I - a potion of curing {unknown}


   Skills:
 + Level 6.3 Fighting
 + Level 3.8 Dodging
 - Level 9.2 Unarmed Combat
 - Level 5.0 Invocations
 - Level 7.1 Shapeshifting


You had 9 spell levels left.
You didn't know any spells.
Your spell library contained the following spells:

 Spells                   Type           Power      Damage    Failure   Level
 Foxfire                  Conj/Fire      0%         2x1d4     34%         1
 Magic Dart               Conj           0%         1d3       34%         1
 Searing Ray              Conj           0%         2d4       47%         2
 Volatile Blastmotes      Fire/Tloc      0%         2d10      71%         3
 Fulminant Prism          Conj/Alch      0%         3d5       98%         4
 Iskenderun's Mystic Bla  Conj/Tloc      0%         2d3       98%         4
 Plasma Beam              Fire/Air       0%         2x1d10    100%        6
 Starburst                Conj/Fire      0%         6d3       100%        6


Dungeon Overview and Level Annotations

Branches:
Dungeon (9/15)             Temple (0/1) D:5            Lair (0/5) D:8
    Orc: D:9-12

Altars:
Cheibriados
Makhleb
Okawaru
Ru
Beogh

Shops:
D:2 (   D:4 [   D:8 :

Annotations:
D:8 3 runed translucent doors, hikkokomori's ghost, journeyman CoHu


Innate Abilities, Weirdness & Mutations

You are a tree.
Your roots penetrate the ground, keeping you stationary.
You cannot be teleported.
You are immune to unholy pain and torment.
Your maximum health is greatly increased.
Your equipment is partially melded.
Your facial features are unmistakably orcish.
((You have a pair of horns on your head.))
You have a somewhat thin skeletal structure. (Dex +2, Stealth+)
A weak demonic guardian rushes to your aid.
You may rarely emit foul miasma when damaged in melee.


Message History

Unknown command.
You feel much better. Marbaugh hits you but does no damage.
The +8 great sword "Addeh" {spect, rElec rPois Will++ Dex-3} hits you.
* * * LOW HITPOINT WARNING * * *
Your white imp hits the +8 great sword "Addeh" {spect, rElec rPois Will++ Dex-3}.
Marbaugh shares his spectral weapon's damage!
Your white imp freezes the +8 great sword "Addeh" {spect, rElec rPois Will++ Dex-3}.
The +8 great sword "Addeh" {spect, rElec rPois Will++ Dex-3} resists.
You regained 17 hp, and now have 34/115 hp.
You feel much better. Marbaugh hits you but does no damage.
The +8 great sword "Addeh" {spect, rElec rPois Will++ Dex-3} hits you!
Your white imp misses the +8 great sword "Addeh" {spect, rElec rPois Will++ Dex-3}.
You regained 13 hp, and now have 47/115 hp.
You pummel Marbaugh!!
Marbaugh is heavily wounded.
Marbaugh hits you with the +8 great sword "Addeh"!!
* * * LOW HITPOINT WARNING * * *
The +8 great sword "Addeh" {spect, rElec rPois Will++ Dex-3} hits you but does no damage.
Your white imp barely misses the +8 great sword "Addeh" {spect, rElec rPois Will++ Dex-3}.
You take 17 damage, and have 30/115 hp.
You smack Marbaugh!
Marbaugh is severely wounded.
Marbaugh hits you with the +8 great sword "Addeh"!
* * * LOW HITPOINT WARNING * * *
The +8 great sword "Addeh" {spect, rElec rPois Will++ Dex-3} hits you but does no damage.
You take 8 damage, and have 22/115 hp.
You completely miss Marbaugh.
Marbaugh is severely wounded.
Your white imp closely misses the +8 great sword "Addeh" {spect, rElec rPois Will++ Dex-3}.
You barely miss Marbaugh. Your punch misses Marbaugh.
Marbaugh is severely wounded.
Marbaugh hits you with the +8 great sword "Addeh".
* * * LOW HITPOINT WARNING * * *
The +8 great sword "Addeh" {spect, rElec rPois Will++ Dex-3} hits you but does no damage.
You take 3 damage, and have 19/115 hp.
You hit Marbaugh.
Marbaugh is severely wounded.
Marbaugh hits you with the +8 great sword "Addeh"!!
You die...
Beogh appreciates Marbaugh's killing of a heretic priest.

#.#...#. #.#.....#
....#.#.# #.#...#.
#.##Y.. #.#.#..#
#.....# #.#.#..#
#....Y# #...#..#
#.....#o#<..♣5.#
#.....#.####o(.#
#...... #...#
..#.....######...#
.........).......#
###.....######.#.#
#.....# #...#
#.....# #####
#.....#


You could see Marbaugh the orc apostle (ally target, divinely empowered), a +8
great sword "Addeh" {spect, rElec rPois Will++ Dex-3} (unable to see you) and a
friendly white imp (summoned).

Vanquished Creatures
  A two-headed ogre (D:7)
  Sigmund (D:2)
  5 yaks (D:9)
  A steam dragon (D:8)
  A wyvern (D:8)
  A water moccasin (D:7)
  An ice beast (D:5)
  3 orc warriors
  A sky beast (D:7)
  A black bear (D:7)
  A wolf (D:8)
  3 ogres
  A centaur (D:8)
  3 scorpions
  3 bullfrogs
  3 wights (D:8)
  3 bombardier beetles
  A jelly (D:7)
  3 hounds
  3 orc priests
  Crazy Yiuf (D:2)
  3 sleepcaps
  Jessica (D:2)
  Terence (D:3)
  An iguana (D:7)
  5 orc wizards
  Robin (D:3)
  12 gnolls
  11 adders
  2 shadow imps
  A white imp (D:5)
  2 ufetubi (D:6)
  2 dart slugs
  2 ribbon worms (D:2)
  12 orcs
  5 bats
  4 endoplasms
  A giant cockroach (D:2)
  9 goblins
  13 hobgoblins
  5 quokkas
  A ball python (D:1)
  4 frilled lizards
  9 kobolds
  6 rats
154 creatures vanquished.

Vanquished Creatures (collateral kills)
  A wolf (D:8)
  A wight (D:8)
  An orc priest (D:5)
  2 iguanas (D:4)
  A bat (D:2)
  An endoplasm (D:1)
7 creatures vanquished.

Vanquished Creatures (others)
  An orc warrior (D:6)
  An orc wizard (D:9)
  5 orcs
  A kobold (D:4)
8 creatures vanquished.

Grand Total: 169 creatures vanquished

Notes
Turn   | Place    | Note
-------+----------+-------------------------------------------
     0 | D:1      | jasper the Demonspawn Shapeshifter began the quest for the
                  | Orb.
     0 | D:1      | Reached XP level 1. HP: 15/15 MP: 1/1
   127 | D:1      | Gained mutation: A weak demonic guardian rushes to your
                  | aid. [demonic ancestry]
   127 | D:1      | Reached XP level 2. HP: 21/22 MP: 2/2
   333 | D:2      | Noticed Jessica
   467 | D:1      | Found a faded altar of an unknown god.
   469 | D:1      | Prayed at the altar of an unknown god.
   469 | D:1      | Became a worshipper of Beogh the Shepherd
   469 | D:1      | Reached * piety under Beogh
   704 | D:1      | You fall into a shaft and drop 1 floor!
   742 | D:2      | Killed Jessica
   743 | D:2      | Reached XP level 3. HP: 29/29 MP: 3/3
   951 | D:1      | Found a snail-covered altar of Cheibriados.
  1002 | D:2      | Found Huriab's Antique Weapon Emporium.
  1040 | D:2      | Reached XP level 4. HP: 12/37 MP: 4/4
  1271 | D:2      | Reached ** piety under Beogh
  1529 | D:2      | Noticed Sigmund
  1744 | D:3      | Reached skill level 1 in Invocations
  2096 | D:3      | Noticed Terence
  2121 | D:3      | Killed Terence
  2122 | D:3      | Gained mutation: You have a somewhat thin skeletal
                  | structure. (Dex +2, Stealth+) [demonic ancestry]
  2122 | D:3      | Reached XP level 5. HP: 34/43 MP: 4/6
  2156 | D:3      | Noticed Robin
  2181 | D:3      | Killed Robin
  2552 | D:4      | Reached skill level 5 in Fighting
  2588 | D:4      | Reached skill level 3 in Unarmed Combat
  2753 | D:4      | Gained mutation: You may rarely emit foul miasma when
                  | damaged in melee. [demonic ancestry]
  2753 | D:4      | Reached XP level 6. HP: 50/51 MP: 8/8
  3007 | D:4      | Identified the +3 robe of Fuottem {rF+}
  3487 | D:4      | Reached skill level 5 in Invocations
  3552 | D:4      | Found Louh's Armour Boutique.
  3845 | D:2      | Killed Sigmund
  3846 | D:2      | Reached skill level 4 in Unarmed Combat
  3846 | D:2      | Reached XP level 7. HP: 52/56 MP: 3/10
  3875 | D:2      | Reached skill level 5 in Unarmed Combat
  4039 | D:2      | Found an iron altar of Okawaru.
  4066 | D:2      | Identified the +7 hammer of Teoliasy {flame, rElec rCorr
                  | Int-5}
  4071 | D:2      | Found a runed translucent door.
  4072 | D:2      | Noticed Crazy Yiuf
  4079 | D:2      | Killed Crazy Yiuf
  4256 | D:5      | Entered Level 5 of the Dungeon
  4264 | D:5      | Found a staircase to the Ecumenical Temple.
  4819 | D:5      | Reached skill level 6 in Unarmed Combat
  5048 | D:5      | Reached XP level 8. HP: 28/62 MP: 5/11
  5426 | D:6      | Reached skill level 7 in Unarmed Combat
  5734 | D:6      | Reached skill level 8 in Unarmed Combat
  6218 | D:7      | Found a burning altar of Makhleb.
  6305 | D:7      | Reached skill level 9 in Unarmed Combat
  6458 | D:7      | Gained mutation: You have a pair of small horns on your
                  | head. [demonic ancestry]
  6458 | D:7      | Reached XP level 9. HP: 59/68 MP: 12/12
  6670 | D:7      | Noticed a two-headed ogre
  6678 | D:7      | Killed a two-headed ogre
  6679 | D:7      | Reached skill level 5 in Shapeshifting
  6967 | D:7      | Found a sacrificial altar of Ru.
  7793 | D:8      | Found a staircase to the Lair.
  8115 | D:8      | Found Nabid's Book Boutique.
  8288 | D:8      | Found a runed translucent gate.
  8288 | D:8      | Found a runed translucent gate.
  8288 | D:8      | Found a runed translucent gate.
  8292 | D:8      | Noticed hikkokomori's ghost (journeyman CoHu)
  8814 | D:9      | Gained mutation: You have a pair of horns on your head.
                  | [demonic ancestry]
  8814 | D:9      | Reached XP level 10. HP: 76/76 MP: 13/13
  8828 | D:9      | Reached *** piety under Beogh
  8860 | D:9      | Identified the +8 great sword "Addeh" {spect, rElec rPois
                  | Will++ Dex-3}
  8880 | D:9      | Slain by Marbaugh the orc apostle

Illustrated notes

Levels and vault maps discovered:
D:1:      dpeg_arrival_water_altar, layout_basic,
          chequers_ecumenical_altar_simple_redux
D:2:      layout_rooms, serial_shops, nicolae_shop_crystal, basic_altar,
          uniq_crazy_yiuf_cottage, uniq_jessica, uniq_sigmund
D:3:      layout_loops_ring, kennysheep_small_spiral, uniq_terence, uniq_robin
D:4:      layout_loops_cross, serial_shops, nicolae_take_the_stairs
D:5:      layout_basic, minmay_temple_entry_overgrown, hellmonk_no_cap
D:6:      layout_rooms, lightli_orcish_oven
D:7:      layout_basic, nicolae_ru_the_path_less_chosen,
          mainiacjoe_overflow_paths
D:8:      layout_gridville, old_standard_altar, erik_lair_orcish_takeover,
          gammafunk_ghost_split, serial_shops, shop
D:9:      layout_basic, minmay_orc_entry_guard_dogs

Skill      XL: |  1  2  3  4  5  6  7  8  9 10 |
---------------+-------------------------------+-----
Fighting       | 2 3 4 5 6 |  6.3
Invocations    | 1 3 5 |  5.0
Unarmed Combat | 3 4 6 9 |  9.2
Shapeshifting  | 3 7 |  7.1
Dodging        | 3 |  3.8

Action                     |  1- 3 |  4- 6 |  7- 9 | 10-12 || total
---------------------------+-------+-------+-------+-------++-------
  Melee: Unarmed           |    95 |   258 |   300 |    36 ||   689
         Punch             |     2 |     9 |    12 |     1 ||    24
         Headbutt          |       |       |    22 |     4 ||    26
  Throw: Stone             |     1 |    14 |    24 |       ||    39
         Dart              |       |     3 |       |       ||     3
 Invoke: Smiting           |       |     5 |    11 |       ||    16
Ability: Begin Untransform |       |       |     1 |       ||     1
    Use: Scroll            |       |    10 |     5 |       ||    15
         Potion            |       |       |       |     6 ||     6
   Stab: Sleeping          |       |       |     2 |       ||     2
 Armour: Animal skin       |    10 |       |       |       ||    10
         Scale mail        |    50 |   156 |    17 |       ||   223
         Ring mail         |       |       |   151 |       ||   151
         Robe              |       |       |     9 |       ||     9
         Skin              |       |       |    12 |    33 ||    45
  Dodge: Dodged            |    58 |   115 |   141 |    12 ||   326
   Form: Flux              |       |       |     1 |       ||     1

Table legend: (Time is in decaauts)
 A = Elapsed time spent in this place.
 B = Non-inter-level travel time spent in this place.
 C = Inter-level travel time spent in this place.
 D = Time resting spent in this place.
 E = Time spent auto-exploring this place.
 F = Levels seen in this place.
 G = Mean time per level.
                   A        B        C        D        E       F      G
               +--------+--------+--------+--------+--------+-----+--------+
         Total |   8819 |   8460 |    359 |   1017 |   5682 |   9 |  979.9 |
       Dungeon |   8819 |   8460 |    359 |   1017 |   5682 |   9 |  979.9 |
               +--------+--------+--------+--------+--------+-----+--------+

Top non-repeatable levels by time:
     D:4: 1426 daAuts
     D:8: 1417 daAuts
     D:7: 1142 daAuts
     D:5: 1124 daAuts
     D:2: 1035 daAuts
     D:1: 903 daAuts
     D:3: 877 daAuts
     D:6: 810 daAuts
     D:9: 81 daAuts
